Map: Magannatha LE

Players

Sindyr

  • Race: Zerg Zerg
  • League: Master
  • Spawn Location: 5:00

Ahmatsila - Winner!

  • Race: Protoss Protoss
  • League: Master
  • Spawn Location: 11:00

VOD

Have the link to the VOD?

Description

Time

  • Played on: Oct. 13, 2025, 10:10 a.m.
  • Length: 6:38
Show
View Real Time Build Order
Export as new Build Order

Sindyr Zerg 

Build Orders: Pool First 

Get SALT Encoding   

  12  0:03  Drone  
  13  0:20  Overlord  
  13  0:24  Drone  
  14  0:49  Extractor, Drone x3  
  16  0:55  Spawning Pool  
  15  1:00  Drone  
  16  1:21  Hatchery  
  15  1:27  Drone x2  
  17  1:34  Extractor  
  17  1:36  Drone  
  17  1:45  Queen  
  19  1:52  Drone  
  20  1:56  Drone  
  21  2:08  Drone  
  22  2:39  Spine Crawler  
  22  2:42  Lair  
  21  2:44  Overlord  
  21  2:54  Roach Warren  
  20  3:01  Drone x2  
  20  3:02  Spore Crawler, Drone  
  22  3:18  Spore Crawler  
  21  3:24  Metabolic Boost  
  21  3:41  Pneumatized Carapace  
  21  3:43  Drone  
  21  3:44  Drone x3  
  25  4:04  Nydus Network  
  24  4:24  Queen  
  26  4:46  Hatchery, Overlord x2  
  26  4:48  Drone x2  
  26  4:49  Drone x3  
  30  5:30  Hatchery  
  30  5:34  Evolution Chamber  
  28  5:36  Evolution Chamber  
  28  5:42  Hydralisk Den  
  26  5:44  Drone  
  26  5:45  Drone  
  28  5:53  Overseer  
  28  5:59  Queen  
  30  6:10  Roach x4  
Show
View Real Time Build Order
Export as new Build Order

Ahmatsila Protoss - Winner!

Build Orders: Dark Templar Rush 

Get SALT Encoding   

  12  0:04  Probe  
  13  0:16  Pylon  
  13  0:17  Probe  
  14  0:38  Probe, Gateway  
  14  0:42  Assimilator  
  15  0:58  Probe  
  15  1:00  Forge  
  16  1:07  Probe  
  17  1:16  Probe  
  18  1:28  Pylon  
  18  1:30  Probe  
  18  1:38  Probe  
  20  1:48  Probe, Photon Cannon  
  20  1:50  Photon Cannon  
  21  2:00  Probe  
  22  2:07  Cybernetics Core  
  22  2:12  Probe  
  22  2:44  Gateway  
  22  2:45  Warp Gate  
  22  2:50  Robotics Facility  
  22  2:52  Assimilator  
  22  2:53  Probe  
  23  3:05  Probe  
  24  3:12  Twilight Council  
  24  3:16  Gateway  
  24  3:17  Probe  
  25  3:20  Gateway  
  25  3:37  Warp Prism  
  27  3:42  Pylon  
  27  3:45  Pylon  
  27  3:52  Dark Shrine  
  27  4:36  Photon Cannon  
  26  4:39  Photon Cannon  
  26  4:43  Photon Cannon  
  26  4:52  Pylon  
  26  5:05  Dark Templar  
  26  5:06  Dark Templar x2  
  32  5:13  Dark Templar  
  34  5:27  Nexus  
  34  5:42  Stalker x2  
  38  5:43  Stalker  
Tags
 
Add a new tag
Caveats
  • Supply blocks, unpowered buildings, or Contaminate may cause inaccurate times.
  • Supply counts are checked every 10 seconds.